 Dungeon Crawl Stone Soup version 0.29-a0-284-gf9362112df (webtiles) character file.

Game seed: 7644133499076105175

3 spaghetti the Sneak (level 1, 8/21 HPs)
             Began as a Naga Delver on Mar 25, 2022.
             Quit the game on level 4 of the Dungeon.
             The game lasted 00:00:33 (213 turns).

spaghetti the Sneak (Naga Delver)                    Turns: 213, Time: 00:00:33

Health: 8/21       AC:  1    Str: 14    XL:     1   Next: 50%
Magic:  1/1        EV:  9    Int: 10    God:
Gold:   30         SH:  0    Dex: 12    Spells: 0/0 levels left

rFire   . . .      SeeInvis +   a - +0 short sword {short}
rCold   . . .      Faith    .   (no shield)
rNeg    . . .      Spirit   .   b - +0 leather armour
rPois   +          Reflect  .   (no helmet)
rElec   .          Harm     .   (no cloak)
rCorr   .          Rampage  .   (no gloves)
Will    .....                   (no barding)
Stlth   +++.......              (no amulet)
HPRegen 0.07/turn               (no ring)
MPRegen 0.07/turn               (no ring)

@: very slow
A: AC +0, large, see invisible, deformed body, poison resistance, slowness 2,
spit poison 1, naga tail 1
a: Spit Poison


You were on level 4 of the Dungeon.
You visited 1 branch of the dungeon, and saw 2 of its levels.

You collected 30 gold pieces.


Innate Abilities, Weirdness & Mutations

Your serpentine skin is tough. (AC +0)
You have supernaturally acute eyesight. (SInv)
Armour fits poorly on your strangely shaped body.
Your system is resistant to poisons. (rPois)
You cover ground very slowly.
You can spit poison.
You have a snake-like lower body.


   Skills:
 - Level 3.0 Fighting
 - Level 2.0 Short Blades
 - Level 1.5 Dodging
 + Level 7.5 Stealth


You couldn't memorise any spells.
You didn't know any spells.
Your spell library was empty.

Inventory:

Hand Weapons
 a - a +0 short sword (weapon) {short}
Armour
 b - a +0 leather armour (worn)
Wands
 g - a wand of digging (3)
Scrolls
 c - a scroll of fog
 d - a scroll of magic mapping {!r}
 e - a scroll of fear
Potions
 f - a potion of haste {@q3}

Dungeon Overview and Level Annotations

Branches:
Dungeon (5/15)
 Temple: D:4-7

Altars:

........................
#........................
#........................
#........................
#........................
#........................
#.......†...............
#.†.....................
#......@......W.......>.
##.......................
#.#......................
###......................
#......................
###..†..................
#.......................
##.......................
#.............


You could see a phantom.


Message History

🤖 Initializing magus.rc ...
Options error: Delay interrupt name "hungry" not recognised. (~/.crawlrc:4761) Options error: Bad monster_list_colour key: strict_neutral (~/.crawlrc:4776) ✅ Successfully initialized magus.rc [v1.9.6] Welcome, spaghetti the Naga Delver.
The fabulous Orb of Zot lies far below, as if waiting for you to find it.
Press ? for a list of commands and other information.
Found a scroll labelled WAHIOQ JIEPP.
Found a stone staircase leading down.
Found a stone staircase leading up.
h - a scroll labelled WAHIOQ JIEPP
(D) Dungeon
Where to? (? - help)
There is a stone staircase leading up here.
You climb upwards.
There is a stone staircase leading down here.
Unknown command.
Found an escape hatch in the ceiling.
Found an escape hatch in the floor.
i - a scroll labelled EPPEED LAXOSTI Key pressed, stopping explore.
You now have 17 gold pieces.
Found a stone staircase leading down.
Key pressed, stopping explore.
A ball python comes into view.
A ball python is nearby!
A hobgoblin comes into view.
The ball python hisses angrily.
The ball python bites you. 😕 HP[-1]
You take 1 damage, and now have 20/21 hp.
You hit the ball python but do no damage.
The ball python closely misses you.
You hit the ball python. The ball python bites you. 😕 HP[-1]
You take 1 damage, and now have 19/21 hp.
You hit the ball python.
You kill the ball python!
You see here a ball python corpse. 😕 HP[+1]
You don't know any spells.
The helpless hobgoblin fails to defend itself.
You puncture the hobgoblin!
You kill the hobgoblin!
A giant cockroach comes into view.
You see here 13 gold pieces. 😎 HP[+1]
Your hp is fully restored (21).
A giant cockroach is nearby!
A giant cockroach is nearby!
The giant cockroach closely misses you.
You hit the giant cockroach. The giant cockroach bites you. 😕 HP[-1]
You take 1 damage, and now have 20/21 hp.
You closely miss the giant cockroach. The giant cockroach bites you.
The giant cockroach closely misses you. 😕 HP[-2]
You take 2 damage, and now have 18/21 hp.
You closely miss the giant cockroach.
The giant cockroach completely misses you.
You hit the giant cockroach.
You kill the giant cockroach!
You see here a giant cockroach corpse.
You now have 30 gold pieces (gained 13).
Key pressed, stopping explore.
Key pressed, stopping explore.
A phantom comes into view.
The phantom moves out of view. 😎 HP[+3]
Your hp is fully restored (21).
A phantom is nearby!
Okay, then.
As you read the scroll labelled WAHIOQ JIEPP, it crumbles to dust.
It is a scroll of identify.
i - a scroll of teleportation
As you read the scroll of teleportation {@r4}, it crumbles to dust.
You feel strangely unstable. The phantom closely misses you.
Unknown command.
The phantom attacks as you move away! The phantom hits you! 😮 HP[-8]
You take 8 damage, and now have 13/21 hp.
MASSIVE DAMAGE!! (PAUSE)
The phantom attacks as you move away! The phantom hits you!
* * * LOW HITPOINT WARNING * * *
😨 HP[-6]
You take 6 damage, and now have 7/21 hp.
MASSIVE DAMAGE!! (PAUSE)
The phantom attacks as you move away! The phantom barely misses you.
Your surroundings suddenly seem different.
Unknown command.
You start resting.
A phantom is nearby! 😨 HP[+1] 🤖 Initializing magus.rc ...
Options error: Delay interrupt name "hungry" not recognised. (~/.crawlrc:4761) Options error: Bad monster_list_colour key: strict_neutral (~/.crawlrc:4776) ✅ Successfully initialized magus.rc [v1.9.6] Welcome back, spaghetti the Naga Delver.
Press ? for a list of commands and other information.
Are you sure you want to abandon this character and quit the game? (Confirm with "yes".)

Action                   || total
-------------------------++-------
Melee: Short sword       ||     8
  Use: Scroll            ||     2
 Stab: Sleeping          ||     1
Dodge: Dodged            ||     6

Levels and vault maps discovered:
D:4:      layout_layer_cave, yredelemnul_altar_generic, minivault_24
D:5:      layout_rooms, temple_statues, serial_shops, kennysheep_little_box,
          kennysheep_generic_room_14

Notes
Turn   | Place    | Note
-------+----------+-------------------------------------------
     0 | D:5      | spaghetti the Naga Delver began the quest for the Orb.
     0 | D:5      | Reached XP level 1. HP: 21/21 MP: 1/1
     0 | D:5      | magus.rc [v1.9.6]
   184 | D:4      | Noticed a phantom
   213 | D:4      | magus.rc [v1.9.6]
   213 | D:4      | Quit the game

Vanquished Creatures
  A giant cockroach (D:4)
  A hobgoblin (D:4)
  A ball python (D:4)
3 creatures vanquished.

Table legend:
 A = Non-vault XP
 B = Vault XP
 C = Vault XP percentage of total XP
 D = Non-vault monster count
 E = Vault monster count
 F = Vault count percentage of total count
                 A         B        C        D         E       F
            +---------+---------+-------+---------+---------+-------
      Total |       5 |       0 |   0.0 |       3 |       0 |   0.0
            +---------+---------+-------+---------+---------+-------
        D:4 |       5 |       0 |   0.0 |       3 |       0 |   0.0
            +---------+---------+-------+---------+---------+-------

Illustrated notes

Table legend:
 A = Kills in this place as a percentage of kills in entire the game.
 B = Kills by you in this place as a percentage of kills by you in the entire game.
 C = Kills by friends in this place as a percentage of kills by friends in the entire game.
 D = Other kills in this place as a percentage of other kills in the entire game.
 E = Experience gained in this place as a percentage of experience gained in the entire game.
 F = Experience gained in this place divided by the number of levels of this place that you have seen.
                   A       B       C       D       E      F
               +-------+-------+-------+-------+-------+----------------------
         Total | 100.0 | 100.0 |   N/A |   N/A | 100.0 |   2.5
       Dungeon | 100.0 | 100.0 |   N/A |   N/A | 100.0 |   2.5
               +-------+-------+-------+-------+-------+----------------------

Table legend: (Time is in decaauts)
 A = Elapsed time spent in this place.
 B = Non-inter-level travel time spent in this place.
 C = Inter-level travel time spent in this place.
 D = Time resting spent in this place.
 E = Time spent auto-exploring this place.
 F = Levels seen in this place.
 G = Mean time per level.
                   A        B        C        D        E       F      G
               +--------+--------+--------+--------+--------+-----+--------+
         Total |    265 |    258 |      7 |     21 |    190 |   2 |  132.5 |
       Dungeon |    265 |    258 |      7 |     21 |    190 |   2 |  132.5 |
               +--------+--------+--------+--------+--------+-----+--------+

Top non-repeatable levels by time:
     D:4: 250 daAuts
     D:5: 14 daAuts
